Workbook

Sheet 1
M1: УТВЕРЖДАЮ
L2: Директор ГАПОУ ПО ПКТТ
M3: наименование должности
Q4: Д.И.Танасов
L5: (подпись)
M7: "______" ____________________г.
A10: ПЛАН ФИНАНСОВО-ХОЗЯЙСТВЕННОЙ ДЕЯТЕЛЬНОСТИ НА _2017_ год и плановый период _2018_ и _2019_ годов
A12: Государственное автономное профессиональное образовательное учреждение Пензенской области "Пензенский колледж транспортных технологий"
A13: (наименование учреждения)
A15: Министерство образования Пензенской области
A16: наименование органа, осуществляющего функции и полномочия учредителя
G18: "28 " | H18: февраля | K18: ___2017____ г.
H19: дата составления документа
A21: Полное наименование учреждения: | F21: Государственное автономное профессиональное образовательное учреждение Пензенской области "Пензенский колледж транспортных технологий"
A22: Юридический адрес | F22: г.Пенза,проспект Победы,57
A23: Адрес фактического местонахождения | F23: г.Пенза,проспект Победы,57
A24: ИНН/КПП | F24: 5835120138 | L24: 583501001
A25: Код по реестру участников бюджетного процесса, а также юридических лиц, не являющихся участниками бюджетного процесса
A26: Почтовый адрес | F26: 440028, г.Пенза,проспект Победы,57
A27: Код ОКЕИ (единицы измерения показателей) | F27: 383 (рубль)
A28: Код ОКВ (валюта) | F28: 643 (RUB)
A30: Сведения о деятельности государственного бюджетного (автономного) учреждения
A32: Цели деятельности учреждения
A34: Наименование цели деятельности | K34: Акт, отражающий цель деятельности
A35: создание необходимых условий для удовлетворения потребности личности в получении среднего профессионального образования, конкретной профессии соответствующего уровня квалификации, в образовательных услугах в сфере дополнительного образования обучаемых, дополнительного профессионального образования (повышения квалификации) и профессиональной подготовки | K35: Устав ГАПОУ ПО ПКТТ
A42: Виды деятельности учреждения
A44: Наименование вида деятельности согласно устава учреждения | K44: Характеристика вида деятельности
A45: осуществление образовательной деятельности по программмам согласно государственного задания учредителя | K45: реализация программ среднего профессионального образования
K47: реализация дополнительных образовательных программ повышения квалификации, профессиональной подготовки и переподготовки, сдача имущества в аренду, безвозмездные поступления; получение средств, поступающих от арендаторов(субабонентов)на возмещение эксплуатационных , коммунальных и прочих услуг; платные услуги, платные работы; услуги делопроизводства, тиражирование печатной продукции, транспортные услуги и др.
A49: Перечень услуг (работ), относящихся в соответствии с Уставом к основным видам деятельности учреждения, предоставление которых для физических и юридических лиц осуществляется, в том числе за плату
A51: Наименование услуги (работы), единица измерения | G51: Характеристика услуги
A59: Сведения о недвижимом государственном имуществе
A61: Наименование показателя | O61: Сумма, руб.
A62: Общая балансовая стоимость недвижимого имущества учреждения, всего | O62: 44476934
A63: в том числе
A64: 1. Стоимость имущества, закрепленного собственником имущества за государственным учреждением на праве оперативного управления | O64: 44476934
A65: 2. Стоимость имущества, приобретенного государственным учреждением за счет выделенных собственником имущества учреждения средств
A66: 3. Стоимость имущества, приобретенного государственным учреждением за счет доходов, полученных от платной и иной приносящей доход деятельности
A68: Сведения о движимом государственном имуществе
A70: Отчетные сведения, единица измерения | O70: Сумма, руб.
A71: Общая балансовая стоимость движимого имущества учреждения, всего | O71: 45942650
A72: в том числе балансовая стоимость особо ценного движимого имущества | O72: 17115916
E74: Таблица 1. Показатели финансового состояния учреждения
E76: Наименование показателя | M76: Сумма, руб.
E77: Нефинансовые активы, всего: | M77: 1.392058e+08
E78: из них: недвижимое имущество, всего: | M78: 44476934
E79: в том числе остаточная стоимость | M79: 21004854
E80: особо ценное движимое имущество, всего | M80: 17115916
E81: в том числе остаточная стоимость | M81: 4753954.5
E82: Финансовые активы, всего | M82: 925502.66
E83: из них: денежные средства учреждения, всего: | M83: 671568.66
E84: в том числе: денежные средства учреждения на счетах | M84: 671568.66
E85: денежные средства учреждения, размещенные на депозиты в кредитной организации
E86: иные финансовые инструменты
E87: дебиторская задолженность по доходам | M87: 253934
E88: дебиторская задолженность по расходам
E89: Обязательства, всего | M89: 210917.82
E90: из них: долговые обязательства
E91: кредиторская задолженность: | M91: 900
E92: в том числе: просроченная кредиторская задолженность
A96: Согласовано: отдел бухгалтерского учета, отчетности и контроля ______________________

Sheet 2
A1: Таблица 2. Показатели по поступлениям и выплатам учреждения
A2: Показатели по поступлениям и выплатам учреждения (очередной финансовый год)
A3: Наименование показателя | I3: Код строки | J3: Код по бюджетной классификации РФ | K3: Дополнительный код | M3: Объем финансового обеспечения, руб. (с точностью до двух знаков после запятой - 0,00)
M4: ВСЕГО | N4: в том числе:
N5: субсидии на финансовое обеспечение выполнения государственного (муниципального) задания из федерального бюджета, бюджета субъекта Российской Федерации (местного бюджета) | O5: субсидия на финансовое обеспечение выполнения государственного задания из бюджета Федерального фонда обязательного медицинского страхования | P5: субсидии, предоставляемые в соответствии с абзацем вторым пункта 1 статьи 78.1 Бюджетного кодекса Российской Федерации | U5: субсидии на осуществление капитальных вложений | V5: средства обязательного медицинского страхования | W5: поступления от оказания услуг (выполнения работ) на платной основе и от иной приносящей доход деятельности
W6: ВСЕГО | X6: из них
P7: из средств бюджета Пензенской области | S7: из средств федерального бюджета | X7: Доходы от использования имущества, находящегося в государственной собственности и компенсации затрат | Y7: прочие поступления | Z7: гранты
P8: Выплата стипендии студентам,обучающихся на очной форме обучения, а также оказание материальной поддержки нуждающимся студентам | Q8: Государственная программа Пензенской области «Развитие образования в Пензенской области на 2014-2020 годы» п 2. 2.5 Проведение региональных конкурсов профессионального мастерства в формате чемпионата WorldSkills и участие в межрегиональных, всероссийских и международных чемпионатах (конкурсах) профессионального мастерства WorldSkills
A9: 1 | I9: 2 | J9: 3 | K9: 4 | M9: 5 | N9: 6 | O9: 6.1 | P9: 7 | U9: 8 | V9: 9 | W9: 10 | X9: 10.1 | Y9: 10.2 | Z9: 11
A10: Поступления от доходов, всего: | I10: 100 | J10: х | M10: =M12+M13+M14+M16+M17+M18 -> 103200546 | N10: =N13 -> 85059900 | O10: х | P10: =P16 -> 11826000 | Q10: 375000 | R10: =R16 -> 0 | S10: =S16 -> 0 | T10: =T16 -> 0 | U10: х | V10: х | W10: =W12+W13+W14+W17+W18 -> 5939646 | X10: =X12 -> 2352100 | Y10: =Y13+Y14+Y17+Y18 -> 3587546 | Z10: =Z17 -> х
A11: в том числе | I11: х | J11: х | M11: х | N11: х | O11: х | P11: х | Q11: х | R11: х | S11: х | T11: х | U11: х | V11: х | W11: х | X11: х | Y11: х | Z11: х
A12: Доходы от собственности | I12: 110 | J12: 120 | M12: =W12 -> 2352100 | N12: х | O12: х | P12: х | Q12: х | R12: х | S12: х | T12: х | U12: х | V12: х | W12: =SUM(X12:X12) -> 2352100 | X12: 2352100 | Y12: х | Z12: х
A13: Доходы от оказания услуг, работ | I13: 120 | J13: 130 | M13: =N13+W13 -> 88647446 | N13: 85059900 | O13: х | P13: х | Q13: х | R13: х | S13: х | T13: х | U13: х | V13: х | W13: =Y13 -> 3587546 | X13: х | Y13: =3280500+307046 -> 3587546 | Z13: х
A14: Доходы от штрафов, пеней, иных сумм принудительного изъятия | I14: 130 | J14: 140 | M14: =W14 -> 0 | N14: х | O14: х | P14: х | Q14: х | R14: х | S14: х | T14: х | U14: х | V14: х | W14: =Y14 -> 0 | X14: х | Z14: х
A15: Безвозмездные поступления от наднациональных организаций, правительств иностранных государств, международных финансовых организаций | I15: 140 | J15: 150 | K15: х | L15: х | M15: х | N15: х | O15: х | P15: х | Q15: х | R15: х | S15: х | T15: х | U15: х | V15: х | W15: х | X15: х | Y15: х | Z15: х
A16: Иные субсидии, предоставленные из бюджета | I16: 150 | J16: 180 | M16: =SUM(P16:T16) -> 12201000 | N16: х | O16: х | P16: 11826000 | Q16: 375000 | U16: х | V16: х | W16: х | X16: х | Y16: х | Z16: х
A17: Прочие доходы | I17: 160 | J17: 180 | M17: =W17 -> 0 | N17: х | O17: х | P17: х | Q17: х | R17: х | S17: х | T17: х | U17: х | V17: х | W17: =Y17 -> 0 | X17: х | Z17: х
A18: Доходы от операций с активами | I18: 180 | J18: 440 | M18: =W18 -> 0 | N18: х | O18: х | P18: х | Q18: х | R18: х | S18: х | T18: х | U18: х | V18: х | W18: =Y18 -> 0 | X18: х | Z18: х
A19: Выплаты по расходам, всего: | I19: 200 | J19: х | M19: =M21+M26+M29+M36+M40 -> 1.0387211e+08 | N19: =N21+N26+N29+N36+N40 -> 85083049 | O19: х | P19: =P21+P26+P29+P36+P40 -> 11826000 | Q19: =Q21+Q26+Q29+Q36+Q40 -> 375000 | R19: =R21+R26+R29+R36+R40 -> 0 | S19: =S21+S26+S29+S36+S40 -> 0 | T19: =T21+T26+T29+T36+T40 -> 0 | U19: х | V19: х | W19: =W21+W26+W29+W36+W40 -> 6588065.3 | X19: =X21+X26+X29+X36+X40 -> 2489043.5 | Y19: =Y21+Y26+Y29+Y36+Y40 -> 4099021.8 | Z19: х
A20: в том числе на: | I20: х | J20: х | K20: х | L20: х | M20: х | N20: х | O20: х | P20: х | Q20: х | R20: х | S20: х | T20: х | U20: х | V20: х | W20: х | X20: х | Y20: х | Z20: х
A21: Выплаты персоналу, всего: | I21: 210 | J21: х | M21: =M22+M25 -> 67784209 | N21: =N22+N25 -> 66010209 | O21: х | P21: =P22+P25 -> 0 | Q21: =Q22+Q25 -> 0 | R21: =R22+R25 -> 0 | S21: =S22+S25 -> 0 | T21: =T22+T25 -> 0 | U21: х | V21: х | W21: =W22+W25 -> 1774000 | X21: =X22+X25 -> 0 | Y21: =Y22+Y25 -> 1774000 | Z21: х
A22: из них: оплата труда и начисления на выплаты по оплате труда, всего, в т.ч.: | I22: 211 | J22: х | M22: =SUM(M23:M24) -> 67610889 | N22: =SUM(N23:N24) -> 66010209 | O22: х | P22: =SUM(P23:P25) -> 0 | Q22: =SUM(Q23:Q25) -> 0 | R22: =SUM(R23:R25) -> 0 | S22: =SUM(S23:S25) -> 0 | T22: =SUM(T23:T25) -> 0 | U22: х | V22: х | W22: =SUM(W23:W24) -> 1600680 | X22: =SUM(X23:X25) -> 0 | Y22: =SUM(Y23:Y24) -> 1600680 | Z22: х
A23: фонд оплаты труда | I23: х | J23: 111 | M23: =N23+P23+Q23+R23+S23+T23+W23 -> 51911400 | N23: ='210.4'!I31 -> 50682000 | O23: х | U23: х | V23: х | W23: =SUM(X23:Z23) -> 1229400 | Y23: 1229400 | Z23: х
A24: начисления на выплаты по оплате труда | I24: х | J24: 119 | M24: =N24+P24+Q24+R24+S24+T24+W24 -> 15699489 | N24: ='210.4'!G72 -> 15328209 | O24: х | U24: х | V24: х | W24: =SUM(X24:Z24) -> 371280 | Y24: 371280 | Z24: х
A25: Иные выплаты персоналу учреждений | I25: х | J25: 112 | M25: =N25+P25+Q25+R25+S25+T25+W25 -> 173320 | N25: ='210.4'!K53 -> 0 | O25: х | U25: х | V25: х | W25: =SUM(X25:Z25) -> 173320 | Y25: 173320 | Z25: х
A26: Социальные и иные выплаты населению, всего | I26: 220 | J26: х | M26: =M28 -> 198000 | N26: =N28 -> 198000 | O26: х | P26: =P28 -> 0 | Q26: =Q28 -> 0 | R26: =R28 -> 0 | S26: =S28 -> 0 | T26: =T28 -> 0 | U26: х | V26: х | W26: =W28 -> 0 | X26: =X28 -> 0 | Y26: =Y28 -> 0 | Z26: х
A27: из них: | I27: х | J27: х | M27: х | N27: х | O27: х | P27: х | Q27: х | R27: х | S27: х | T27: х | U27: х | V27: х | W27: х | X27: х | Y27: х | Z27: х
A28: пособия, компенсации и иные социальные выплаты | I28: х | J28: 321 | M28: =N28+P28+Q28+R28+S28+T28+W28 -> 198000 | N28: ='262'!F10 -> 198000 | O28: х | U28: х | V28: х | W28: =SUM(X28:Y28) -> 0 | Z28: х
A29: Уплату налогов, сборов и иных платежей, всего | I29: 230 | J29: х | K29: =SUM(K31:K33) -> 0 | L29: =SUM(L31:L33) -> 0 | M29: =SUM(M31:M33) -> 1851900 | N29: =SUM(N31:N33) -> 1499100 | O29: х | P29: =SUM(P31:P33) -> 0 | Q29: =SUM(Q31:Q33) -> 0 | R29: =SUM(R31:R33) -> 0 | S29: =SUM(S31:S33) -> 0 | T29: =SUM(T31:T33) -> 0 | U29: х | V29: х | W29: =SUM(W31:W33) -> 352800 | X29: =SUM(X31:X33) -> 297600 | Y29: =SUM(Y31:Y33) -> 55200 | Z29: х
A30: из них: | I30: х | J30: х | M30: х | N30: х | O30: х | P30: х | Q30: х | R30: х | S30: х | T30: х | U30: х | V30: х | W30: х | X30: х | Y30: х | Z30: х
A31: уплата налога на имущество организаций и земельного налога | I31: х | J31: 851 | M31: =N31+P31+Q31+R31+S31+T31+W31 -> 1353519 | N31: ='290.4'!E12 -> 1288519 | O31: х | U31: х | V31: х | W31: =SUM(X31:Y31) -> 65000 | X31: 50000 | Y31: 15000 | Z31: х
A32: уплата прочих налогов, сборов | I32: х | J32: 852 | M32: =N32+P32+Q32+R32+S32+T32+W32 -> 398381 | N32: ='290.4'!H23 -> 210581 | O32: х | U32: х | V32: х | W32: =SUM(X32:Y32) -> 187800 | X32: 167600 | Y32: =35200-15000 -> 20200 | Z32: х
A33: уплата иных платежей | I33: х | J33: 853 | M33: =N33+P33+Q33+R33+S33+T33+W33 -> 100000 | N33: ='290.4'!E45 -> 0 | O33: х | U33: х | V33: х | W33: =SUM(X33:Y33) -> 100000 | X33: =15000+65000 -> 80000 | Y33: =5000+15000 -> 20000 | Z33: х
A34: Безвозмездные перечисления организациям | I34: 240 | J34: х | K34: х | L34: х | M34: х | N34: х | O34: х | P34: х | Q34: х | R34: х | S34: х | T34: х | U34: х | V34: х | W34: х | X34: х | Y34: х | Z34: х
A35: из них: | I35: х | J35: х | K35: х | L35: х | M35: х | N35: х | O35: х | P35: х | Q35: х | R35: х | S35: х | T35: х | U35: х | V35: х | W35: х | X35: х | Y35: х | Z35: х
A36: Прочие расходы (кроме расходов на закупку товаров, работ, услуг), всего | I36: 250 | J36: х | M36: =M39+M38 -> 13050432 | N36: =N39 -> 867386 | O36: х | P36: 11826000 | Q36: =Q39 -> 0 | R36: =R39 -> 0 | S36: =S39 -> 0 | T36: =T39 -> 0 | U36: х | V36: х | W36: =W39 -> 357046 | X36: =X39 -> 0 | Y36: =Y39 -> 357046 | Z36: х
A37: из них: | I37: х | J37: х | M37: х | N37: х | O37: х | P37: х | Q37: х | R37: х | S37: х | T37: х | U37: х | V37: х | W37: х | X37: х | Y37: х | Z37: х
A38: стипендия | J38: 340 | M38: =N38+P38+Q38+R38+S38+T38+W38 -> 11826000 | P38: 11826000 | W38: =SUM(X38:Y38) -> 0
A39: иные выплаты населению | I39: х | J39: 360 | M39: =N39+P39+Q39+R39+S39+T39+W39 -> 1224432 | N39: ='290.4практика'!E11 -> 867386 | O39: х | U39: х | V39: х | W39: =SUM(X39:Y39) -> 357046 | Y39: =50000+307046 -> 357046 | Z39: х
A40: Расходы на закупку товаров, работ, услуг, всего | I40: 260 | J40: х | M40: =M42 -> 20987573 | N40: =N42 -> 16508354 | O40: х | P40: =P42 -> 0 | Q40: =Q42 -> 375000 | R40: =R42 -> 0 | S40: =S42 -> 0 | T40: =T42 -> 0 | U40: х | V40: х | W40: =W42 -> 4104219.3 | X40: =X42 -> 2191443.5 | Y40: =Y42 -> 1912775.8 | Z40: х
A41: из них: | I41: х | J41: х | M41: х | N41: х | O41: х | P41: х | Q41: х | R41: х | S41: х | T41: х | U41: х | V41: х | W41: х | X41: х | Y41: х | Z41: х
A42: прочая закупка товаров, работ и услуг для обеспечения государственных нужд | I42: х | J42: 244 | M42: =N42+P42+Q42+R42+S42+T42+W42 -> 20987573 | N42: ='244.б'!H152 -> 16508354 | O42: х | Q42: 375000 | U42: х | V42: х | W42: =SUM(X42:Y42) -> 4104219.3 | X42: =2266543.51-75100 -> 2191443.5 | Y42: 1912775.8 | Z42: х
A43: Поступление финансовых активов, всего | I43: 300 | J43: х | K43: =SUM(K44:K45) -> 0 | L43: =SUM(L44:L45) -> 0 | M43: =SUM(M44:M45) -> 1.0387211e+08 | N43: =SUM(N44:N45) -> 85083049 | O43: х | P43: =SUM(P44:P45) -> 11826000 | Q43: =SUM(Q44:Q45) -> 375000 | R43: =SUM(R44:R45) -> 0 | S43: =SUM(S44:S45) -> 0 | T43: =SUM(T44:T45) -> 0 | U43: х | V43: х | W43: =SUM(W44:W45) -> 6588065.3 | X43: =SUM(X44:X45) -> 2489043.5 | Y43: =SUM(Y44:Y45) -> 4099021.8 | Z43: х
A44: из них:увеличение остатков средств | I44: 310 | J44: х | M44: 0 | N44: 0 | O44: х | P44: 0 | Q44: 0 | R44: 0 | S44: 0 | T44: 0 | U44: х | V44: х | W44: 0 | X44: 0 | Y44: 0 | Z44: х
A45: прочие поступления | I45: 320 | J45: 510 | M45: =M10+M49 -> 1.0387211e+08 | N45: =N10+N49 -> 85083049 | O45: х | P45: =P10+P49 -> 11826000 | Q45: =Q10+Q49 -> 375000 | R45: =R10+R49 -> 0 | S45: =S10+S49 -> 0 | T45: =T10+T49 -> 0 | U45: х | V45: х | W45: =W10+W49 -> 6588065.3 | X45: =X10+X49 -> 2489043.5 | Y45: =Y10+Y49 -> 4099021.8 | Z45: х
A46: Выбытие финансовых активов, всего | I46: 400 | J46: х | K46: =SUM(K47:K48) -> 0 | L46: =SUM(L47:L48) -> 0 | M46: =SUM(M47:M48) -> 1.0387211e+08 | N46: =SUM(N47:N48) -> 85083049 | O46: х | P46: =SUM(P47:P48) -> 11826000 | Q46: =SUM(Q47:Q48) -> 375000 | R46: =SUM(R47:R48) -> 0 | S46: =SUM(S47:S48) -> 0 | T46: =SUM(T47:T48) -> 0 | U46: х | V46: х | W46: =SUM(W47:W48) -> 6588065.3 | X46: =SUM(X47:X48) -> 2489043.5 | Y46: =SUM(Y47:Y48) -> 4099021.8 | Z46: х
A47: из них:уменьшение остатков средств | I47: 410 | J47: х | M47: 0 | N47: 0 | O47: х | P47: 0 | Q47: 0 | R47: 0 | S47: 0 | T47: 0 | U47: х | V47: х | W47: 0 | X47: 0 | Y47: 0 | Z47: х
A48: прочие выбытия | I48: 420 | J48: 610 | M48: =M19 -> 1.0387211e+08 | N48: =N19 -> 85083049 | O48: =O19 -> х | P48: =P19 -> 11826000 | Q48: =Q19 -> 375000 | R48: =R19 -> 0 | S48: =S19 -> 0 | T48: =T19 -> 0 | ... Z48: =Z19 -> х
A49: Остаток средств на начало года | I49: 500 | J49: х | M49: =SUM(N49+W49) -> 671568.66 | N49: 23149.39 | O49: х | U49: х | V49: х | W49: =SUM(X49:Y49) -> 648419.27 | X49: 136943.51 | Y49: 511475.76 | Z49: х
A50: Остаток средств на конец года | I50: 600 | J50: х | O50: х | U50: х | V50: х | Z50: х

Sheet 3
A2: Таблица 2.1. Показатели выплат по расходам на закупку товаров, работ, услуг учреждения
A3: Наименование показателя | B3: Код строки | C3: Год начала закупки | D3: Сумма выплат по расходам на закупку товаров, работ и услуг, руб. (с точностью до двух знаков после запятой - 0,00)
D4: всего на закупки | G4: в том числе
G5: в соответствии с Федеральным законом от 5 апреля 2013 г. N 44-ФЗ "О контрактной системе в сфере закупок товаров, работ, услуг для обеспечения государственных и муниципальных нужд" | J5: в соответствии с Федеральным законом от 18 июля 2011 г. N 223-ФЗ "О закупках товаров, работ, услуг отдельными видами юридических лиц"
D6: на 2017 г. очередной финансовый год | E6: на 2018 г. 1-ый год планового периода | F6: на 2019 г. 2-ой год планового периода | G6: на 2017 г. очередной финансовый год | H6: на 2018 г. 1-ый год планового периода | I6: на 2019 г. 2-ой год планового периода | J6: на 2017 г. очередной финансовый год | K6: на 2018 г. 1-ый год планового периода | L6: на 2019 г. 2-ой год планового периода
A7: 1 | B7: 2 | C7: 3 | D7: 4 | E7: 5 | F7: 6 | G7: 7 | H7: 8 | I7: 9 | J7: 10 | K7: 11 | L7: 12
A8: Выплаты по расходам на закупку товаров, работ, услуг всего: | B8: 0001 | C8: х | D8: =D9+D11 -> 20987573 | E8: =E9+E11 -> 21040878 | F8: =F9+F11 -> 21084878 | G8: =G9+G11 -> 0 | H8: =H9+H11 -> 0 | I8: =I9+I11 -> 0 | J8: 20987573 | K8: 21040878 | L8: 21040878
A9: в том числе: на оплату контрактов заключенных до начала очередного финансового года: | B9: 1001 | C9: х | D9: =G9+J9 -> 183201.26 | E9: =H9+K9 -> 0 | F9: =I9+L9 -> 0 | J9: 183201.26
A11: на закупку товаров работ, услуг по году начала закупки: | B11: 2001 | D11: =G11+J11 -> 20804372 | E11: =H11+K11 -> 21040878 | F11: =I11+L11 -> 21084878 | J11: 20804372 | K11: 21040878 | L11: 21084878
A14: Таблица 3. Сведения о средствах, поступающих во временное распоряжение учреждения
C15: Наименование показателя | G15: Код строки | H15: Сумма (руб., с точночстью до двух знаков после запятой - 0,00)
C16: 1 | G16: 2 | H16: 3
C17: Остаток средств на начало года | G17: 010
C18: Остаток средств на конец года | G18: 020
C19: Поступление | G19: 030
C21: Выбытие | G21: 040
A25: Таблица 4. Справочная информация
C26: Наименование показателя | G26: Код строки | H26: Сумма (тыс.руб.)
C27: 1 | G27: 2 | H27: 3
C28: Объем публичных обязательств, всего | G28: 010 | H28: 6983.23
C29: Объем бюджетных инвестиций (в части переданных полномочий государственного заказчика в соответствии с Бюджетным кодексом Российской Федерации), всего: | G29: 020
C30: Объем средств, поступивших во временное распоряжение, всего: | G30: 030
A32: Руководитель
A34: Главный бухгалтер
A36: Исполнитель
A40: Согласовано: отдел бухгалтерского учета, отчетности и контроля ______________________

Sheet доход часть17
A2: Доходная часть плана финансово-хозяйственной деятельности на 2017 год
A4: Доп.ФК | B4: остаток на начало года по гос.заданию | C4: Сумма на год, руб.
C5: Гос.задание | D5: Выплата стипендии студентам,обучающихся на очной форме обучения, а также оказание материальной поддержки нуждающимся студентам
A7: 211З | C7: 50682000
A8: 213Н | B8: 22249.39 | C8: 13836210
A9: 213Б | C9: 1469750
A10: 221С | C10: 418800
A11: 223Э | C11: 1264000
A12: 223В | C12: 402300
A13: 223Т | C13: 3955000
A14: 223Г
A15: 223Ж
A16: 223Д
A17: 226И | C17: 943166
A18: 226П | C18: 6766288
A19: 290Н | C19: 1311600
A20: 290И | B20: 900 | C20: 187500
A21: 290П | C21: 866486
A22: 310О | C22: 0
A23: 340М | C23: 0
A24: 340П | C24: 0
A25: 340Б | C25: 160000
A26: 340Г | C26: 396000
A27: 340И | C27: 500000
A28: 903И | C28: 1900800
A29: 290С | D29: 11826000
A32: Итого | B32: =SUM(B7:B28) -> 23149.39 | C32: =SUM(C7:C28) -> 85059900 | D32: =SUM(D7:D31) -> 11826000 | E32: =SUM(E7:E28) -> 0 | F32: =SUM(F7:F28) -> 0 | G32: =SUM(G7:G28) -> 0

Sheet доход часть 18
A2: Доходная часть плана финансово-хозяйственной деятельности на 2018 год
A4: Доп.ФК | B4: Сумма на год, руб.
B5: Гос.задание | C5: Выплата стипендии студентам,обучающихся на очной форме обучения, а также оказание материальной поддержки нуждающимся студентам
A7: 211З | B7: 50682000
A8: 213Н | B8: 13836210
A9: 213Б | B9: 1469750
A10: 221С | B10: 418800
A11: 223Э | B11: 1264000
A12: 223В | B12: 402300
A13: 223Т | B13: 3955000
A14: 223Г
A15: 223Ж
A16: 223Д
A17: 226И | B17: 1064860
A18: 226П | B18: 7300200
A19: 290Н | B19: 1311600
A20: 290И | B20: 187500
A21: 290П | B21: 332580
A22: 310О | B22: 0
A23: 340М | B23: 0
A24: 340П | B24: 0
A25: 340Б | B25: 160000
A26: 340Г | B26: 396000
A27: 340И | B27: 500000
A28: 903И | B28: 1900800
A29: 290С | C29: 12564000
A32: Итого | B32: =SUM(B7:B28) -> 85181600 | C32: =SUM(C7:C31) -> 12564000 | D32: =SUM(D7:D28) -> 0 | E32: =SUM(E7:E28) -> 0 | F32: =SUM(F7:F28) -> 0

Sheet доход часть 19
A2: Доходная часть плана финансово-хозяйственной деятельности на 2019 год
A4: Доп.ФК | B4: Сумма на год, руб.
B5: Гос.задание | C5: Выплата стипендии студентам,обучающихся на очной форме обучения, а также оказание материальной поддержки нуждающимся студентам
A7: 211З | B7: 50682000
A8: 213Н | B8: 13836210
A9: 213Б | B9: 1469750
A10: 221С | B10: 418800
A11: 223Э | B11: 1264000
A12: 223В | B12: 402300
A13: 223Т | B13: 3955000
A14: 223Г
A15: 223Ж
A16: 223Д
A17: 226И | B17: 1064860
A18: 226П | B18: 7300200
A19: 290Н | B19: 1311600
A20: 290И | B20: 187500
A21: 290П | B21: 332580
A22: 310О | B22: 0
A23: 340М | B23: 0
A24: 340П | B24: 0
A25: 340Б | B25: 160000
A26: 340Г | B26: 396000
A27: 340И | B27: 500000
A28: 903И | B28: 1900800
A29: 290С | C29: 12564000
A32: Итого | B32: =SUM(B7:B28) -> 85181600 | C32: =SUM(C7:C31) -> 12564000 | D32: =SUM(D7:D28) -> 0 | E32: =SUM(E7:E28) -> 0 | F32: =SUM(F7:F28) -> 0

Sheet 210.в
F2: Приложение № 2 к приказу Министерства образования Пензенской области от « » 2016г. № «Приложение № 2 к Порядку составления и утверждения плана финансово-хозяйственной деятельности государственных бюджетных и автономных учреждений Пензенской области, в отношении которых Министерство образования Пензенской области осуществляет функции и полномочия учредителя,утвержденному приказом Министерства образования Пензенской области от 9 декабря 2010 г. № 759/01-07
A10: Расчеты (обоснования) к плану финансово-хозяйственной деятельности государственного учреждения
A12: Источник финансового обеспечения __________________________________________
A14: 1. Расчеты (обоснования) выплат персоналу
A16: 1.1. Расчеты (обоснования) расходов на оплату труда
A18: Код видов расходов 111 - Фонд оплаты труда учреждений ___
A20: N п/п | B20: Категория работнкиов | C20: Установленная численность, штатные единицы | D20: Среднемесячный размер выплат на категорию работников, руб. | H20: Сумма на доведение заработной платы в месяц, руб. | I20: Фонд оплаты труда в год, руб. ((гр. 4 + гр. 8)x 12)
D21: всего | E21: в том числе:
E22: по должностному окладу с надбавками (в соответствии со штатным расписанием) | F22: по выплатам компенсационного характера | G22: по выплатам стимулирующего характера
A23: 1 | B23: 2 | C23: 3 | D23: 4 | E23: 5 | F23: 6 | G23: 7 | H23: 8 | I23: 9
A24: 1 | B24: Административно-управленческий персонал | D24: =SUM(E24:G24) -> 9000 | G24: 9000 | I24: =(D24+H24)*12 -> 108000
A25: 2 | B25: Административно-хозяйственный персонал | D25: =SUM(E25:G25) -> 3883 | G25: 3883 | I25: =(D25+H25)*12 -> 46596
A26: 3 | B26: Педагогический персонал | C26: 6.25 | D26: =SUM(E26:G26) -> 68640 | E26: 62640 | G26: 6000 | I26: =(D26+H26)*12 -> 823680
A27: 4 | B27: Учебно-вспомогательный персонал | C27: 1 | D27: =SUM(E27:G27) -> 7574 | E27: 3574 | G27: 4000 | I27: =(D27+H27)*12 -> 90888
A28: 5 | B28: Бухгалтерская служба | D28: =SUM(E28:G28) -> 4000 | G28: 4000 | I28: =(D28+H28)*12 -> 48000
A29: 6 | B29: Хозяйственный персонал | C29: 1 | D29: =SUM(E29:G29) -> 9353 | E29: 4103 | F29: 410.3 | G29: 4839.7 | I29: =(D29+H29)*12 -> 112236
A30: 7 | B30: Прочие | D30: =SUM(E30:G30) -> 0 | I30: =(D30+H30)*12 -> 0
A31: Итого: | C31: =SUM(C24:C30) -> 8.25 | D31: =SUM(D24:D30) -> 102450 | E31: =SUM(E24:E30) -> 70317 | F31: =SUM(F24:F30) -> 410.3 | G31: =SUM(G24:G30) -> 31722.7 | H31: =SUM(H24:H30) -> 0 | I31: =SUM(I24:I30) -> 1229400
A33: 1.2. Расчеты (обоснования) выплат персоналу при направлении в служебные командировки
A35: Код видов расходов 112 - Иные выплаты персоналу учреждений, за исключением фонда оплаты труда
A37: N п/п | B37: Наименование расходов | C37: Средний размер выплаты на одного работника в день, руб. | D37: Количество работников, чел. | E37: Количество дней | F37: Транспортные расходы на одного работника, руб. | G37: Сумма, руб.
A38: 1 | B38: 2 | C38: 3 | D38: 4 | E38: 5 | F38: 6 | G38: 7
A39: 1 | B39: Суточные | C39: 500 | D39: 10 | E39: 5 | F39: x | G39: =C39*D39*E39 -> 25000
A40: 2 | B40: Проживание | C40: 2000 | D40: 10 | E40: 2 | F40: x | G40: =C40*D40*E40 -> 40000
A41: 3 | B41: Транспортные расходы | C41: x | D41: 10 | E41: x | F41: 10000 | G41: =D41*F41 -> 100000
B42: Итого: | C42: x | D42: x | E42: x | F42: x | G42: =SUM(G39:G41) -> 165000
A44: 1.3. Расчеты (обоснования) выплат персоналу по уходу за ребенком и прочих выплат компенсационного характера, не включаемых в фонд оплаты труда
A46: Код видов расходов 112 - Иные выплаты персоналу учреждений, за исключением фонда оплаты труда
A48: N п/п | B48: Наименование расходов | C48: Численность работников, получающих выплату (пособие) | D48: Количество выплат в год на одного работника | E48: Размер выплаты (пособия) в месяц, руб. | F48: Сумма, руб. (гр. 3 x гр. 4 x гр. 5)
A49: 1 | B49: 2 | C49: 3 | D49: 4 | E49: 5 | F49: 6
A50: 1 | B50: Ежемесячные компенсационные выплаты сотрудникам (работникам), находящимся в отпуске по уходу за ребенком до достижения им возраста 3 лет | C50: 16 | D50: 10.4 | E50: 50 | F50: =C50*D50*E50 -> 8320
A51: 2 | F51: =C51*D51*E51 -> 0
B52: Итого: | C52: x | D52: x | E52: x | F52: =SUM(F50:F51) -> 8320
J53: итого 112 | K53: =F52+G42 -> 173320
A54: 1.4. Расчеты (обоснования) страховых взносов на обязательное страхование в Пенсионный фонд Российской Федерации, в Фонд социального страхования Российской Федерации, в Федеральный фонд обязательного медицинского страхования
A56: Код видов расходов 119 Взносы по обязательному социальному страхованию на выплаты по оплате труда работников и иные выплаты работникам учреждений
A58: N п/п | B58: Наименование государственного внебюджетного фонда | F58: Размер базы для начисления страховых взносов, руб. | G58: Сумма взноса, руб.
A59: 1 | B59: 2 | F59: 3 | G59: 4
A60: 1 | B60: Страховые взносы в Пенсионный фонд РФ, всего | F60: x
A61: 1.1. | B61: в том числе:
B62: по ставке 22,0% | F62: 1229400 | G62: =SUM(F62*22%) -> 270468
A63: 1.2. | B63: по ставке 10,0%
A64: 1.3. | B64: с применением пониженных тарифов взносов в Пенсионный фонд РФ для отдельных категорий плательщиков
A65: 2 | B65: Страховые взносы в Фонд социального страхования РФ, всего | F65: x
A66: 2.1. | B66: в том числе:
B67: обязательное социальное страхование на случай временной нетрудоспособности и в связи с материнством по ставке 2,9% | F67: 1229400 | G67: =SUM(F67*2.9%)+0.4 -> 35653
A68: 2.2. | B68: с применением ставки взносов в Фонд социального страхования Российской Федерации по ставке 0,0%
A69: 2.3. | B69: обязательное социальное страхование от несчастных случаев на производстве и профессиональных заболеваний по ставке 0,2% | F69: 1229400 | G69: =SUM(F69*0.2%)+0.2 -> 2459
A70: 3 | B70: Страховые взносы в Федеральный фонд обязательного медицинского страхования, всего (по ставке 5,1%) | F70: 1229400 | G70: =SUM(F70*5.1%)+0.6 -> 62700
A71: 4 | B71: Дополнительные тарифы страховых взносов для отдельных категорий плательщиков (по ставке %)
B72: Итого: | F72: x | G72: =SUM(G60:G71) -> 371280

Sheet 210.4
F2: Приложение № 2 к приказу Министерства образования Пензенской области от « » 2016г. № «Приложение № 2 к Порядку составления и утверждения плана финансово-хозяйственной деятельности государственных бюджетных и автономных учреждений Пензенской области, в отношении которых Министерство образования Пензенской области осуществляет функции и полномочия учредителя,утвержденному приказом Министерства образования Пензенской области от 9 декабря 2010 г. № 759/01-07
A10: Расчеты (обоснования) к плану финансово-хозяйственной деятельности государственного учреждения
A12: Источник финансового обеспечения __________________________________________
A14: 1. Расчеты (обоснования) выплат персоналу
A16: 1.1. Расчеты (обоснования) расходов на оплату труда
A18: Код видов расходов 111 - Фонд оплаты труда учреждений ___
A20: N п/п | B20: Категория работнкиов | C20: Установленная численность, штатные единицы | D20: Среднемесячный размер выплат на категорию работников, руб. | H20: Сумма на доведение заработной платы в месяц, руб. | I20: Фонд оплаты труда в год, руб. ((гр. 4 + гр. 8)x 12)
D21: всего | E21: в том числе:
E22: по должностному окладу с надбавками (в соответствии со штатным расписанием) | F22: по выплатам компенсационного характера | G22: по выплатам стимулирующего характера
A23: 1 | B23: 2 | C23: 3 | D23: 4 | E23: 5 | F23: 6 | G23: 7 | H23: 8 | I23: 9
A24: 1 | B24: Административно-управленческий персонал | C24: 4 | D24: =SUM(E24:G24) -> 258727 | E24: 127362 | F24: 4339 | G24: 127026 | I24: =(D24+H24)*12 -> 3104724
A25: 2 | B25: Административно-хозяйственный персонал | C25: 7 | D25: =SUM(E25:G25) -> 111576 | E25: 37985 | F25: 4522 | G25: 69069 | I25: =(D25+H25)*12 -> 1338912
A26: 3 | B26: Педагогический персонал | C26: 188.9 | D26: =SUM(E26:G26) -> 2561320 | E26: 1312866 | F26: 234576 | G26: 1013878 | I26: =(D26+H26)*12 -> 30735840
A27: 4 | B27: Учебно-вспомогательный персонал | C27: 15.5 | D27: =SUM(E27:G27) -> 143457 | E27: 50229 | F27: 6223 | G27: 87005 | I27: =(D27+H27)*12 -> 1721484
A28: 5 | B28: Бухгалтерская служба | C28: 6 | D28: =SUM(E28:G28) -> 146350 | E28: 28274 | G28: 118076 | I28: =(D28+H28)*12 -> 1756200
A29: 6 | B29: Хозяйственный персонал | C29: 75.73 | D29: =SUM(E29:G29) -> 1000205 | E29: 279074 | F29: 126543 | G29: 594588 | H29: 1865 | I29: =(D29+H29)*12 -> 12024840
A30: 7 | B30: Прочие | D30: =SUM(E30:G30) -> 0 | I30: =(D30+H30)*12 -> 0
A31: Итого: | C31: =SUM(C24:C30) -> 297.13 | D31: =SUM(D24:D30) -> 4221635 | E31: =SUM(E24:E30) -> 1835790 | F31: =SUM(F24:F30) -> 376203 | G31: =SUM(G24:G30) -> 2009642 | H31: =SUM(H24:H30) -> 1865 | I31: =SUM(I24:I30) -> 50682000
A33: 1.2. Расчеты (обоснования) выплат персоналу при направлении в служебные командировки
A35: Код видов расходов 112 - Иные выплаты персоналу учреждений, за исключением фонда оплаты труда
A37: N п/п | B37: Наименование расходов | C37: Средний размер выплаты на одного работника в день, руб. | D37: Количество работников, чел. | E37: Количество дней | F37: Транспортные расходы на одного работника, руб. | G37: Сумма, руб.
A38: 1 | B38: 2 | C38: 3 | D38: 4 | E38: 5 | F38: 6 | G38: 7
A39: 1 | B39: Суточные | F39: x | G39: =C39*D39*E39 -> 0
A40: 2 | B40: Проживание | F40: x | G40: =C40*D40*E40 -> 0
A41: 3 | B41: Транспортные расходы | C41: x | E41: x | G41: =D41+F41 -> 0
B42: Итого: | C42: x | D42: x | E42: x | F42: x | G42: =SUM(G39:G40) -> 0
A44: 1.3. Расчеты (обоснования) выплат персоналу по уходу за ребенком и прочих выплат компенсационного характера, не включаемых в фонд оплаты труда
A46: Код видов расходов 112 - Иные выплаты персоналу учреждений, за исключением фонда оплаты труда
A48: N п/п | B48: Наименование расходов | C48: Численность работников, получающих выплату (пособие) | D48: Количество выплат в год на одного работника | E48: Размер выплаты (пособия) в месяц, руб. | F48: Сумма, руб. (гр. 3 x гр. 4 x гр. 5)
A49: 1 | B49: 2 | C49: 3 | D49: 4 | E49: 5 | F49: 6
A50: 1 | B50: Ежемесячные компенсационные выплаты сотрудникам (работникам), находящимся в отпуске по уходу за ребенком до достижения им возраста 3 лет | F50: =C50*D50*E50 -> 0
A51: 2 | F51: =C51*D51*E51 -> 0
B52: Итого: | C52: x | D52: x | E52: x | F52: =SUM(F50:F51) -> 0
J53: итого 112 | K53: =F52+G42 -> 0
A54: 1.4. Расчеты (обоснования) страховых взносов на обязательное страхование в Пенсионный фонд Российской Федерации, в Фонд социального страхования Российской Федерации, в Федеральный фонд обязательного медицинского страхования
A56: Код видов расходов 119 Взносы по обязательному социальному страхованию на выплаты по оплате труда работников и иные выплаты работникам учреждений
A58: N п/п | B58: Наименование государственного внебюджетного фонда | F58: Размер базы для начисления страховых взносов, руб. | G58: Сумма взноса, руб.
A59: 1 | B59: 2 | F59: 3 | G59: 4
A60: 1 | B60: Страховые взносы в Пенсионный фонд РФ, всего | F60: x
A61: 1.1. | B61: в том числе:
B62: по ставке 22,0% | F62: 50682000 | G62: =SUM(F62*22%) -> 11150040
A63: 1.2. | B63: по ставке 10,0%
A64: 1.3. | B64: с применением пониженных тарифов взносов в Пенсионный фонд РФ для отдельных категорий плательщиков
A65: 2 | B65: Страховые взносы в Фонд социального страхования РФ, всего | F65: x
A66: 2.1. | B66: в том числе:
B67: обязательное социальное страхование на случай временной нетрудоспособности и в связи с материнством по ставке 2,9% | F67: 50682000 | G67: =SUM(F67)*2.9%-3 -> 1469775
A68: 2.2. | B68: с применением ставки взносов в Фонд социального страхования Российской Федерации по ставке 0,0%
A69: 2.3. | B69: обязательное социальное страхование от несчастных случаев на производстве и профессиональных заболеваний по ставке 0,2% | F69: 50682000 | G69: =SUM(F69*0.2%)-1 -> 101363
A70: 3 | B70: Страховые взносы в Федеральный фонд обязательного медицинского страхования, всего (по ставке 5,1%) | F70: 50682000 | G70: =SUM(F70*5.1%) -> 2584782
A71: 4 | B71: Остаток на начало года | G71: 22249.39
B72: Итого: | F72: x | G72: =SUM(G60:G71) -> 15328209

Sheet 262
A2: 2. Расчеты (обоснования) расходов на социальные и иные выплаты населению
A4: Код видов расходов 321 - Пособия, компенсации и иные социальные выплаты гражданам, кроме публичных нормативных обязательств
A6: N п/п | B6: Наименование показателя | C6: Размер одной выплаты, руб. | D6: Количество получателей выплаты, чел. | E6: Количество выплат в год на одного получателя | F6: Общая сумма выплат, руб. (гр. 3 x гр. 4 x гр. 5)
A7: 1 | B7: 2 | C7: 3 | D7: 4 | E7: 5 | F7: 6
A8: 1 | B8: Компенсация детям-сиротам расходов на проезд | C8: 1100 | D8: 15 | E8: 12 | F8: =C8*E8*D8 -> 198000
A9: 2 | F9: =C9*E9*D9 -> 0
B10: Итого: | C10: x | E10: x | F10: =SUM(F8:F9) -> 198000

Sheet 290.ар
A2: 3. Расчет (обоснование) расходов на уплату налогов, сборов и иных платежей
A4: 3.1. Расчеты (обоснования) расходов на уплату налога на имущество и земельного налога
A6: Код видов расходов 851 - Уплата налога на имущество организаций и земельного налога
A8: N п/п | B8: Наименование расходов | C8: Налоговая база, руб. | D8: Ставка налога, % | E8: Сумма исчисленного налога, подлежащего уплате, руб. (гр. 3 x гр. 4 / 100) | G8: 290Н
A9: 1 | B9: 2 | C9: 3 | D9: 4 | E9: 5
A10: 1 | B10: Налог на имущество | C10: 0 | E10: =D10*C10/100 -> 0
A11: 2 | B11: Земельный налог | C11: 3333333 | D11: 1.5 | E11: =D11*C11/100 -> 49999.995
B12: Итого: | D12: x | E12: =SUM(E10:E11) -> 49999.995
A14: 3.2. Расчеты (обоснования) расходов на уплату прочих налогов
A16: Код видов расходов 852 - Уплата прочих налогов, сборов | G16: 290Н
A18: N п/п | B18: Наименование расходов | C18: Налоговая база, руб. | D18: Ставка налога, % | E18: Сумма исчисленного налога, подлежащего уплате, руб. (гр. 3 x гр. 4 / 100)
A19: 1 | B19: 2 | C19: 3 | D19: 4 | E19: 5
A20: 1 | B20: Транспортный налог | E20: 30100
A21: 2
A22: 3 | E22: =D22*C22/100 -> 0
B23: Итого: | D23: x | E23: =SUM(E20:E22) -> 30100 | G23: итого 852 | H23: =E23+E34 -> 167600
A25: 3.3. Расчеты (обоснования) расходов на уплату государственных пошлин и сборов
A27: Код видов расходов 852 - Уплата прочих налогов, сборов
A29: N п/п | B29: Наименование расходов | C29: Размер одного платежа, руб. | D29: Количество платежей в год | E29: Общая сумма, руб. (гр. 3 x гр. 4)
A30: 1 | B30: 2 | C30: 3 | D30: 4 | E30: 5
A31: 1 | B31: Государственная пошлина | E31: 137500
A32: 2 | B32: Сборы… | E32: =C32*D32 -> 0
A33: 3 | E33: =C33*D33 -> 0
B34: Итого: | D34: x | E34: =SUM(E31:E33) -> 137500 | G34: 290И
A36: 3.4. Расчеты (обоснования) расходов на уплату иных платежей
A38: Код видов расходов 853 - Уплата иных платежей
A40: N п/п | B40: Наименование расходов | C40: Размер одного платежа, руб. | D40: Количество платежей в год | E40: Общая сумма, руб. (гр. 3 x гр. 4)
A41: 1 | B41: 2 | C41: 3 | D41: 4 | E41: 5
A42: 1 | B42: Штраф | C42: 3000 | D42: 5 | E42: =C42*D42 -> 15000
A43: 2 | B43: Пени | E43: =C43*D43 -> 0
A44: 3 | B44: Налог за загрязнение окружающей среды | E44: 65000
B45: Итого: | D45: x | E45: =SUM(E42:E44) -> 80000 | G45: 290И

Sheet 290.2внеб
A2: 3. Расчет (обоснование) расходов на уплату налогов, сборов и иных платежей
A4: 3.1. Расчеты (обоснования) расходов на уплату налога на имущество и земельного налога
A6: Код видов расходов 851 - Уплата налога на имущество организаций и земельного налога
A8: N п/п | B8: Наименование расходов | C8: Налоговая база, руб. | D8: Ставка налога, % | E8: Сумма исчисленного налога, подлежащего уплате, руб. (гр. 3 x гр. 4 / 100) | G8: 290Н
A9: 1 | B9: 2 | C9: 3 | D9: 4 | E9: 5
A10: 1 | B10: Налог на имущество | E10: =D10*C10/100 -> 0
A11: 2 | B11: Земельный налог | C11: 1000000 | D11: 1.5 | E11: 15000
B12: Итого: | D12: x | E12: =SUM(E10:E11) -> 15000
A14: 3.2. Расчеты (обоснования) расходов на уплату прочих налогов
A16: Код видов расходов 852 - Уплата прочих налогов, сборов | G16: 290Н
A18: N п/п | B18: Наименование расходов | C18: Налоговая база, руб. | D18: Ставка налога, % | E18: Сумма исчисленного налога, подлежащего уплате, руб. (гр. 3 x гр. 4 / 100)
A19: 1 | B19: 2 | C19: 3 | D19: 4 | E19: 5
A20: 1 | B20: Транспортный налог | E20: 15200
A21: 2
A22: 3 | E22: =D22*C22/100 -> 0
B23: Итого: | D23: x | E23: =SUM(E20:E22) -> 15200 | G23: итого 852 | H23: =E23+E34 -> 20200
A25: 3.3. Расчеты (обоснования) расходов на уплату государственных пошлин и сборов
A27: Код видов расходов 852 - Уплата прочих налогов, сборов
A29: N п/п | B29: Наименование расходов | C29: Размер одного платежа, руб. | D29: Количество платежей в год | E29: Общая сумма, руб. (гр. 3 x гр. 4)
A30: 1 | B30: 2 | C30: 3 | D30: 4 | E30: 5
A31: 1 | B31: Государственная пошлина | C31: 2500 | D31: 2 | E31: =C31*D31 -> 5000
A32: 2 | B32: Сборы… | E32: =C32*D32 -> 0
A33: 3 | E33: =C33*D33 -> 0
B34: Итого: | D34: x | E34: =SUM(E31:E33) -> 5000 | G34: 290И
A36: 3.4. Расчеты (обоснования) расходов на уплату иных платежей
A38: Код видов расходов 853 - Уплата иных платежей
A40: N п/п | B40: Наименование расходов | C40: Размер одного платежа, руб. | D40: Количество платежей в год | E40: Общая сумма, руб. (гр. 3 x гр. 4)
A41: 1 | B41: 2 | C41: 3 | D41: 4 | E41: 5
A42: 1 | B42: Штраф | C42: 2400 | D42: 2 | E42: =C42*D42 -> 4800
A43: 2 | B43: Пени | C43: 100 | D43: 2 | E43: =C43*D43 -> 200
A44: 3 | B44: Налог за загрязнение окружающей среды | C44: 15000 | D44: 1 | E44: 15000
B45: Итого: | D45: x | E45: =SUM(E42:E44) -> 20000 | G45: 290И

Sheet 290.4
A2: 3. Расчет (обоснование) расходов на уплату налогов, сборов и иных платежей
A4: 3.1. Расчеты (обоснования) расходов на уплату налога на имущество и земельного налога
A6: Код видов расходов 851 - Уплата налога на имущество организаций и земельного налога
A8: N п/п | B8: Наименование расходов | C8: Налоговая база, руб. | D8: Ставка налога, % | E8: Сумма исчисленного налога, подлежащего уплате, руб. (гр. 3 x гр. 4 / 100) | G8: 290Н
A9: 1 | B9: 2 | C9: 3 | D9: 4 | E9: 5
A10: 1 | B10: Налог на имущество | C10: 27292191 | D10: 2.2 | E10: =D10*C10/100-0.2 -> 600428
A11: 2 | B11: Земельный налог | C11: 45872713 | D11: 1.5 | E11: =D11*C11/100+0.3 -> 688090.99
B12: Итого: | D12: x | E12: =SUM(E10:E11) -> 1288519
A14: 3.2. Расчеты (обоснования) расходов на уплату прочих налогов
A16: Код видов расходов 852 - Уплата прочих налогов, сборов | G16: 290Н
A18: N п/п | B18: Наименование расходов | C18: Налоговая база, руб. | D18: Ставка налога, % | E18: Сумма исчисленного налога, подлежащего уплате, руб. (гр. 3 x гр. 4 / 100)
A19: 1 | B19: 2 | C19: 3 | D19: 4 | E19: 5
A20: 1 | B20: Транспортный налог | E20: 23081
A21: 2 | B21: Налог за загрязнение окружающей среды | E21: =D21*C21/100 -> 0
A22: 3 | E22: =D22*C22/100 -> 0
B23: Итого: | D23: x | E23: =SUM(E20:E22) -> 23081 | G23: итого 852 | H23: =E23+E34 -> 210581
A25: 3.3. Расчеты (обоснования) расходов на уплату государственных пошлин и сборов
A27: Код видов расходов 852 - Уплата прочих налогов, сборов
A29: N п/п | B29: Наименование расходов | C29: Размер одного платежа, руб. | D29: Количество платежей в год | E29: Общая сумма, руб. (гр. 3 x гр. 4)
A30: 1 | B30: 2 | C30: 3 | D30: 4 | E30: 5
A31: 1 | B31: Государственная пошлина | C31: 37500 | D31: 5 | E31: =C31*D31 -> 187500
A32: 2 | B32: Сборы… | E32: =C32*D32 -> 0
A33: 3 | E33: =C33*D33 -> 0
B34: Итого: | D34: x | E34: =SUM(E31:E33) -> 187500 | G34: 290И
A36: 3.4. Расчеты (обоснования) расходов на уплату иных платежей
A38: Код видов расходов 853 - Уплата иных платежей
A40: N п/п | B40: Наименование расходов | C40: Размер одного платежа, руб. | D40: Количество платежей в год | E40: Общая сумма, руб. (гр. 3 x гр. 4)
A41: 1 | B41: 2 | C41: 3 | D41: 4 | E41: 5
A42: 1 | B42: Штраф | E42: =C42*D42 -> 0
A43: 2 | B43: Пени | E43: =C43*D43 -> 0
A44: 3 | E44: =C44*D44 -> 0
B45: Итого: | D45: x | E45: =SUM(E42:E44) -> 0 | G45: 290И

Sheet 290.4практика
A2: 5. Расчет (обоснование) прочих расходов (кроме расходов на закупку товаров, работ, услуг)
A4: Код видов расходов 360 - Иные выплаты населению
A6: N п/п | B6: Наименование показателя | C6: Размер одной выплаты, руб. | D6: Количество выплат в год | E6: Общая сумма выплат, руб. (гр. 3 x гр. 4)
A7: 1 | B7: 2 | C7: 3 | D7: 4 | E7: 5
A8: 1 | B8: Выплата студентам средств на органиацию культурно-массовых мероприятий | C8: 900 | D8: 1 | E8: =C8*D8 -> 900 | G8: 290И
A9: 2 | B9: Компенсация питания на практике студентам | C9: 60 | D9: 14441.433 | E9: =332580+533906 -> 866486 | G9: 290П
A10: 3 | E10: =C10*D10 -> 0
B11: Итого: | C11: x | D11: x | E11: =SUM(E8:E10) -> 867386

Sheet 290.2внеб.студенты
A2: 5. Расчет (обоснование) прочих расходов (кроме расходов на закупку товаров, работ, услуг)
A4: Код видов расходов 360 - Иные выплаты населению
A6: N п/п | B6: Наименование показателя | C6: Размер одной выплаты, руб. | D6: Количество выплат в год | E6: Общая сумма выплат, руб. (гр. 3 x гр. 4)
A7: 1 | B7: 2 | C7: 3 | D7: 4 | E7: 5
A8: 1 | B8: Выплата студентам средств на органиацию культурно-массовых мероприятий | C8: 1000 | D8: 50 | E8: =C8*D8 -> 50000 | G8: 290И
A9: 2 | B9: Компенсация питания на практике студентам | C9: 60 | D9: 5117 | E9: 307046 | G9: 290П
A10: 3 | E10: =C10*D10 -> 0
B11: Итого: | C11: x | D11: x | E11: =SUM(E8:E10) -> 357046

Sheet 244.б
A2: 6. Расчет (обоснование) расходов на закупку товаров, работ, услуг
A4: 6.1.Расчет (обоснование) расходов на оплату услуг связи
A6: Код видов расходов 244 -Прочая закупка товаров, работ и услуг для обеспечения государственных нужд
A8: N п/п | B8: Наименование расходов | C8: Количество единиц услуги в месяц* | D8: Количество платежей в год | E8: Стоимость за единицу услуги в месяц, руб. | F8: Сумма, руб. (гр. 3 x гр. 4 x гр. 5)
A9: 1 | B9: 2 | C9: 3 | D9: 4 | E9: 5 | F9: 6
A10: 1 | B10: Абонентская плата | C10: 1 | D10: 12 | E10: 4459.62 | F10: =C10*D10*E10 -> 53515.44
A11: 2 | B11: Местные телефонные соединения | C11: 1 | D11: 12 | E11: 710.62 | F11: =C11*D11*E11 -> 8527.44
A12: 3 | B12: Междугородние телефонные соединения | C12: 1 | D12: 12 | E12: 1421.22 | F12: =C12*D12*E12 -> 17054.64
A13: 4 | B13: Сотовая связь | F13: =C13*D13*E13 -> 0
A14: 5 | B14: Интернет | C14: 1 | D14: 12 | E14: 28308.54 | F14: =C14*D14*E14 -> 339702.48
A15: 6 | B15: Расходы на конверты | F15: =C15*D15*E15 -> 0
A16: 7 | B16: Иные услуги связи | F16: =C16*D16*E16 -> 0
B17: Итого: | C17: x | D17: x | E17: x | F17: =SUM(F10:F16) -> 418800
A18: * указывается количество номеров, минут разговора, каналов передачи данных сети и т.д.
A20: 6.2. Расчет (обоснование) расходов на оплату транспортных услуг
A22: Код видов расходов 244 -Прочая закупка товаров, работ и услуг для обеспечения государственных нужд
A24: N п/п | B24: Наименование расходов | C24: Количество услуг перевозки | D24: Цена услуги перевозки, руб. | E24: Сумма, руб. (гр. 3 x гр. 4)
A25: 1 | B25: 2 | C25: 3 | D25: 4 | E25: 5
E26: =C26*D26 -> 0
E27: =C27*D27 -> 0
B28: Итого: | C28: x | D28: x | E28: =SUM(E26:E27) -> 0
A30: 6.3. Расчет (обоснование) расходов на оплату коммунальных услуг
A32: Код видов расходов 244 -Прочая закупка товаров, работ и услуг для обеспечения государственных нужд
A34: N п/п | B34: Наименование показателя | C34: Размер потребления ресурсов | D34: Тариф (с учетом НДС), руб. | E34: Индексация, % | F34: Сумма, руб. (гр. 4 x гр. 5 x гр. 6)
A35: 1 | B35: 2 | C35: 4 | D35: 5 | E35: 6 | F35: 7
A36: 1 | B36: Газоснабжение | F36: =C36*D36*E36 -> 0
A37: 2 | B37: Теплоснабжение | C37: 2519.9429 | D37: 1569.48 | E37: 1 | F37: =C37*D37*E37 -> 3955000
A38: 3 | B38: Электроэнергия | C38: 223321.55 | D38: 5.66 | E38: 1 | F38: =C38*D38*E38 -> 1264000
A39: 4 | B39: Водоснабжение всего, в т.ч.: | C39: x | D39: x | E39: x | F39: 402300
A40: 4.1 | B40: холодное водоснабжение | C40: 9989 | D40: 24.47 | E40: 1 | F40: =C40*D40*E40 -> 244430.83
A41: 4.2 | B41: горячее водоснабжение | F41: =C41*D41*E41 -> 0
A42: 4.3 | B42: холодное водоснабжение (компонент горячей воды) | F42: =C42*D42*E42 -> 0
A43: 4.4 | B43: тепловая энергия (компонент горячей воды) | F43: =C43*D43*E43 -> 0
A44: 4.5 | B44: водоотведение | C44: 9989 | D44: 15.804302 | E44: 1 | F44: =C44*D44*E44 -> 157869.17
A45: 5 | B45: Вывоз жидких нечистот | F45: =C45*D45*E45 -> 0
A46: 6 | B46: Прочие коммунальный услуги | F46: =C46*D46*E46 -> 0
B47: Итого: | C47: x | D47: x | E47: x | F47: =F37+F38+F39 -> 5621300
A49: 6.4. Расчет (обоснование) расходов на оплату аренды имущества
A51: Код видов расходов 244 -Прочая закупка товаров, работ и услуг для обеспечения государственных нужд
A53: N п/п | B53: Наименование показателя | C53: Количество | D53: Ставка арендной платы | E53: Стоимость с учетом НДС, руб.
A54: 1 | B54: 2 | C54: 4 | D54: 5 | E54: 6
B57: Итого: | C57: x | D57: x | E57: =SUM(E55:E56) -> 0
A59: 6.5. Расчет (обоснование) расходов на оплату работ, услуг по содержанию имущества
A61: Код видов расходов 244 -Прочая закупка товаров, работ и услуг для обеспечения государственных нужд
A63: N п/п | B63: Наименование расходов | C63: Объект | D63: Количество работ (услуг) | E63: Стоимость работ (услуг), руб.
A64: 1 | B64: 2 | C64: 3 | D64: 4 | E64: 5
A65: 1 | B65: Тех.обслуживание систем видеонаблюдения и систем телефонии | C65: 4 | D65: 12 | E65: 549600
A66: 2 | B66: Тех.обслуживание узла учета тепловой энергии | C66: 1 | D66: 7 | E66: 7700
A67: 3 | B67: Вывоз сухого мусора | C67: 1 | D67: 12 | E67: 10608
A68: 4 | B68: Дезинсекция,дератизация | C68: 4 | D68: 12 | E68: 53852
A69: 5 | B69: Тех.обслуживание АПС | C69: 5 | D69: 12 | E69: =443028-21250 -> 421778
A70: 6 | B70: Вывоз ТБО | C70: 3 | D70: 12 | E70: 254516
A71: 7 | B71: Т.о.передающего оборудования пожарного мониторинга | C71: 5 | D71: 12 | E71: 180000
A72: 8 | B72: Т.о. средств охраны | C72: 3 | D72: 12 | E72: 14496
A73: 9 | B73: Т.о. индивидуального теплового пункта | C73: 1 | D73: 7 | E73: 84000
A74: 10 | B74: Т.о узла тепловой энергии | C74: 2 | D74: 7 | E74: 26250
A75: 11 | B75: Текущий ремонт | C75: 2 | D75: 10 | E75: 100000
B77: Итого: | C77: x | D77: x | E77: =SUM(E65:E76) -> 1702800
A79: 6.6. Расчет (обоснование) расходов на оплату прочих работ, услуг
A81: 6.6.1. Расчет (обоснование) расходов на оплату услуг по организации питания
A83: Код видов расходов 244 -Прочая закупка товаров, работ и услуг для обеспечения государственных нужд
A85: N п/п | B85: Наименование расходов | C85: Количество чел/дней | D85: Стоимость чел/день, руб. | E85: Общая сумма, руб. (гр. 3 x гр. 4)
A86: 1 | B86: 2 | C86: 3 | D86: 4 | E86: 5
A87: 1 | B87: Организация питания студентов | C87: 77773.46 | D87: 87 | E87: 6766288
B88: Итого: | C88: x | D88: x | E88: =SUM(E87) -> 6766288
A90: 6.6.2. Расчет (обоснование) расходов на оплату прочих работ, услуг
A92: Код видов расходов 244 -Прочая закупка товаров, работ и услуг для обеспечения государственных нужд
A94: N п/п | B94: Наименование расходов | C94: Количество договоров | D94: Стоимость услуги, руб.
A95: 1 | B95: 2 | C95: 3 | D95: 4
A96: 1 | B96: Оказание услуг по сопровождению ЭПС "Система Гарант" | C96: 1 | D96: 65961.12
A97: 2 | B97: Пультовая охрана объекта | C97: 1 | D97: 57378
A98: 3 | B98: Оказание услуг об экстренном вызове сотрудников полиции | C98: 2 | D98: =5895.12+61224.48 -> 67119.6
A99: 4 | B99: Предоставление места в кабельной канализации | C99: 1 | D99: 5900
A100: 5 | B100: обслуживание программного продукта 1С-Предприятие | C100: 4 | D100: 150400
A101: 6 | B101: Страхование ОСАГО | C101: 2 | D101: 130000
A102: 7 | B102: Информационные услуги | C102: 3 | D102: 60000
A103: 8 | B103: Мед.осмотры сотрудников | C103: 4 | D103: 130306
A104: 9 | B104: Приобретение бланков строгой отчетности | C104: 1 | D104: 22000
A105: 10 | B105: Повышение квалификации | C105: 15 | D105: 103500
A106: 11 | B106: Оганизация культурно-массовой работы со студентами(экскурсионное обслуживание) | C106: 7 | D106: 105000
A107: 12 | B107: Оплата услуг по договорам ГПХ | C107: 30 | D107: 45601.28
B108: Итого: | C108: x | D108: =SUM(D96:D107) -> 943166
A110: 6.7. Расчет (обоснование) расходов на приобретение основных средств, материальных запасов
A112: 6.7.1. Расчет (обоснование) расходов на приобретение основных средств
A114: Код видов расходов 244 -Прочая закупка товаров, работ и услуг для обеспечения государственных нужд
A116: N п/п | B116: Наименование расходов | C116: Количество | D116: Средняя стоимость, руб. | E116: Сумма, руб. (гр. 2 x гр. 3)
A117: 1 | B117: 2 | C117: 3 | D117: 4 | E117: 5
E118: =C118*D118 -> 0
E119: =C119*D119 -> 0
B120: Итого: | D120: x | E120: =SUM(E118:E119) -> 0
A122: 6.7.2. Расчет (обоснование) расходов на приобретение материальных запасов
A124: Код видов расходов 244 -Прочая закупка товаров, работ и услуг для обеспечения государственных нужд
A126: N п/п | B126: Наименование расходов | C126: Количество единиц материальных запасов | D126: Средняя стоимость единицы материальных запасов, руб. | E126: Сумма, руб. (гр. 2 x гр. 3)
A127: 1 | B127: 2 | C127: 3 | D127: 4 | E127: 5
A128: 1 | B128: ГСМ | C128: 11154.93 | D128: 35.5 | E128: =C128*D128 -> 396000
A129: 2 | B129: Медикаменты | E129: =C129*D129 -> 0
A130: 3 | B130: Продукты питания всего, в т.ч.: | C130: x | D130: x | E130: =SUM(E131:E133) -> 0
A131: 3.1 | E131: =C131*D131 -> 0
A132: 3.2 | E132: =C132*D132 -> 0
A133: 3.3 | E133: =C133*D133 -> 0
...

Sheet 244.2.внеб
A2: 6. Расчет (обоснование) расходов на закупку товаров, работ, услуг
A4: 6.1.Расчет (обоснование) расходов на оплату услуг связи
A6: Код видов расходов 244 -Прочая закупка товаров, работ и услуг для обеспечения государственных нужд
A8: N п/п | B8: Наименование расходов | C8: Количество единиц услуги в месяц* | D8: Количество платежей в год | E8: Стоимость за единицу услуги в месяц, руб. | F8: Сумма, руб. (гр. 3 x гр. 4 x гр. 5)
A9: 1 | B9: 2 | C9: 3 | D9: 4 | E9: 5 | F9: 6
A10: 1 | B10: Абонентская плата | F10: =C10*D10*E10 -> 0
A11: 2 | B11: Местные телефонные соединения | F11: =C11*D11*E11 -> 0
A12: 3 | B12: Междугородние телефонные соединения | F12: =C12*D12*E12 -> 0
A13: 4 | B13: Сотовая связь | F13: =C13*D13*E13 -> 0
A14: 5 | B14: Интернет | F14: =C14*D14*E14 -> 0
A15: 6 | B15: Расходы на конверты | F15: =C15*D15*E15 -> 0
A16: 7 | B16: Иные услуги связи | F16: =C16*D16*E16 -> 0
B17: Итого: | C17: x | D17: x | E17: x | F17: =SUM(F10:F16) -> 0
A18: * указывается количество номеров, минут разговора, каналов передачи данных сети и т.д.
A20: 6.2. Расчет (обоснование) расходов на оплату транспортных услуг
A22: Код видов расходов 244 -Прочая закупка товаров, работ и услуг для обеспечения государственных нужд
A24: N п/п | B24: Наименование расходов | C24: Количество услуг перевозки | D24: Цена услуги перевозки, руб. | E24: Сумма, руб. (гр. 3 x гр. 4)
A25: 1 | B25: 2 | C25: 3 | D25: 4 | E25: 5
E26: =C26*D26 -> 0
E27: =C27*D27 -> 0
B28: Итого: | C28: x | D28: x | E28: =SUM(E26:E27) -> 0
A30: 6.3. Расчет (обоснование) расходов на оплату коммунальных услуг
A32: Код видов расходов 244 -Прочая закупка товаров, работ и услуг для обеспечения государственных нужд
A34: N п/п | B34: Наименование показателя | C34: Размер потребления ресурсов | D34: Тариф (с учетом НДС), руб. | E34: Индексация, % | F34: Сумма, руб. (гр. 4 x гр. 5 x гр. 6)
A35: 1 | B35: 2 | C35: 4 | D35: 5 | E35: 6 | F35: 7
A36: 1 | B36: Газоснабжение | C36: 2752 | D36: 5.863397 | E36: 1 | F36: =C36*D36*E36 -> 16136.069
A37: 2 | B37: Теплоснабжение | C37: 372.32 | D37: 1497.1154 | E37: 1 | F37: =C37*D37*E37 -> 557406
A38: 3 | B38: Электроэнергия | C38: 49931 | D38: 5.6018906 | E38: 1 | F38: =C38*D38*E38 -> 279708
A39: 4 | B39: Водоснабжение всего, в т.ч.: | C39: x | D39: x | E39: x | F39: =SUM(F40:F44) -> 0
A40: 4.1 | B40: холодное водоснабжение | F40: =C40*D40*E40 -> 0
A41: 4.2 | B41: горячее водоснабжение | F41: =C41*D41*E41 -> 0
A42: 4.3 | B42: холодное водоснабжение (компонент горячей воды) | F42: =C42*D42*E42 -> 0
A43: 4.4 | B43: тепловая энергия (компонент горячей воды) | F43: =C43*D43*E43 -> 0
A44: 4.5 | B44: водоотведение | F44: =C44*D44*E44 -> 0
A45: 5 | B45: Вывоз жидких нечистот | F45: =C45*D45*E45 -> 0
A46: 6 | B46: Прочие коммунальный услуги | F46: =C46*D46*E46 -> 0
A47: 7 | B47: Остаток на начало года | F47: 511943.51
B48: Итого: | C48: x | D48: x | E48: x | F48: =F36+F37+F38+F39+F45 -> 853250.07
A50: 6.4. Расчет (обоснование) расходов на оплату аренды имущества
A52: Код видов расходов 244 -Прочая закупка товаров, работ и услуг для обеспечения государственных нужд
A54: N п/п | B54: Наименование показателя | C54: Количество | D54: Ставка арендной платы | E54: Стоимость с учетом НДС, руб.
A55: 1 | B55: 2 | C55: 4 | D55: 5 | E55: 6
B58: Итого: | C58: x | D58: x | E58: =SUM(E56:E57) -> 0
A60: 6.5. Расчет (обоснование) расходов на оплату работ, услуг по содержанию имущества
A62: Код видов расходов 244 -Прочая закупка товаров, работ и услуг для обеспечения государственных нужд
A64: N п/п | B64: Наименование расходов | C64: Объект | D64: Количество работ (услуг) | E64: Стоимость работ (услуг), руб.
A65: 1 | B65: 2 | C65: 3 | D65: 4 | E65: 5
A66: 1 | B66: Стирка белья | C66: 1 | D66: 12 | E66: 20000
B69: Итого: | C69: x | D69: x | E69: =SUM(E66:E68) -> 20000
A71: 6.6. Расчет (обоснование) расходов на оплату прочих работ, услуг
A73: 6.6.1. Расчет (обоснование) расходов на оплату услуг по организации питания
A75: Код видов расходов 244 -Прочая закупка товаров, работ и услуг для обеспечения государственных нужд
A77: N п/п | B77: Наименование расходов | C77: Количество чел/дней | D77: Стоимость чел/день, руб. | E77: Общая сумма, руб. (гр. 3 x гр. 4)
A78: 1 | B78: 2 | C78: 3 | D78: 4 | E78: 5
A79: 1 | B79: Организация питания студентов | E79: =C79*D79 -> 0
B80: Итого: | C80: x | D80: x | E80: =SUM(E79) -> 0
A82: 6.6.2. Расчет (обоснование) расходов на оплату прочих работ, услуг
A84: Код видов расходов 244 -Прочая закупка товаров, работ и услуг для обеспечения государственных нужд
A86: N п/п | B86: Наименование расходов | C86: Количество договоров | D86: Стоимость услуги, руб.
A87: 1 | B87: 2 | C87: 3 | D87: 4
B88: обслуживание программного продукта 1С-Предприятие | C88: 4 | D88: 29700
B89: бланки строгой отчетности | C89: 2 | D89: 40000
B90: участие в семинарах, форумах,мероприятиях | C90: 3 | D90: 50000
B91: повышение квалификации | C91: 8 | D91: 16000
B92: услуги по проведению мероприятий | C92: 5 | D92: 57000
B93: нотариальные услуги | C93: 3 | D93: 5000
B94: рекламные услуги | C94: 5 | D94: 51775.69
B95: Итого: | C95: x | D95: =SUM(D88:D94) -> 249475.69
A97: 6.7. Расчет (обоснование) расходов на приобретение основных средств, материальных запасов
A99: 6.7.1. Расчет (обоснование) расходов на приобретение основных средств
A101: Код видов расходов 244 -Прочая закупка товаров, работ и услуг для обеспечения государственных нужд
A103: N п/п | B103: Наименование расходов | C103: Количество | D103: Средняя стоимость, руб. | E103: Сумма, руб. (гр. 2 x гр. 3)
A104: 1 | B104: 2 | C104: 3 | D104: 4 | E104: 5
B105: оборудование для автошколы | C105: 3 | D105: 15000 | E105: =C105*D105 -> 45000
B106: компьютерная техника | C106: 10 | D106: 25000 | E106: =C106*D106 -> 250000
B107: спортинвентарь | C107: 40 | D107: 1000 | E107: =C107*D107 -> 40000
B108: хоз инвентарь | C108: 5 | D108: 5000 | E108: =C108*D108 -> 25000
B109: Итого: | D109: x | E109: =SUM(E105:E108) -> 360000
A111: 6.7.2. Расчет (обоснование) расходов на приобретение материальных запасов
A113: Код видов расходов 244 -Прочая закупка товаров, работ и услуг для обеспечения государственных нужд
A115: N п/п | B115: Наименование расходов | C115: Количество единиц материальных запасов | D115: Средняя стоимость единицы материальных запасов, руб. | E115: Сумма, руб. (гр. 2 x гр. 3)
A116: 1 | B116: 2 | C116: 3 | D116: 4 | E116: 5
A117: 1 | B117: ГСМ | C117: 1150 | D117: 35.5 | E117: =C117*D117 -> 40825
A118: 2 | B118: Медикаменты | E118: =C118*D118 -> 0
A119: 3 | B119: Продукты питания всего, в т.ч.: | C119: x | D119: x | E119: =SUM(E120:E122) -> 0
A120: 3.1 | E120: =C120*D120 -> 0
A121: 3.2 | E121: =C121*D121 -> 0
A122: 3.3 | E122: =C122*D122 -> 0
A123: 4 | B123: Мягкий инвентарь | E123: =C123*D123 -> 0
A124: 5 | B124: Иные материальные запасы всего, в т.ч.: | C124: x | D124: x | E124: =SUM(E125:E129) -> 181875
A125: 5.1 | B125: Хоз.товары | C125: 100 | D125: 77.7 | E125: =C125*D125 -> 7770
B126: Канцтовары | C126: 750 | D126: 68 | E126: =C126*D126 -> 51000
A127: 5.2 | B127: Санитарно-гигиенич продукция | C127: 550 | D127: 101.1 | E127: =C127*D127 -> 55605
B128: Приобретение иной бланочной продукции | C128: 450 | D128: 150 | E128: =C128*D128 -> 67500
A129: 5.3 | E129: =C129*D129 -> 0
B130: Итого: | C130: x | D130: x | E130: =E117+E118+E119+E123+E124 -> 222700
A132: 6.8. Расчет (обоснование) расходов на прочие затраты
A134: Код видов расходов 244 -Прочая закупка товаров, работ и услуг для обеспечения государственных нужд
A136: N п/п | B136: Наименование расходов | C136: Количество | D136: Средняя стоимость, руб. | E136: Сумма, руб. (гр. 2 x гр. 3)
A137: 1 | B137: 2 | C137: 3 | D137: 4 | E137: 5
...

Sheet 244.2.ар
A2: 6. Расчет (обоснование) расходов на закупку товаров, работ, услуг
A4: 6.1.Расчет (обоснование) расходов на оплату услуг связи
A6: Код видов расходов 244 -Прочая закупка товаров, работ и услуг для обеспечения государственных нужд
A8: N п/п | B8: Наименование расходов | C8: Количество единиц услуги в месяц* | D8: Количество платежей в год | E8: Стоимость за единицу услуги в месяц, руб. | F8: Сумма, руб. (гр. 3 x гр. 4 x гр. 5)
A9: 1 | B9: 2 | C9: 3 | D9: 4 | E9: 5 | F9: 6
A10: 1 | B10: Абонентская плата | C10: 1 | D10: 12 | E10: 1818.79 | F10: =C10*D10*E10 -> 21825.48
A11: 2 | B11: Местные телефонные соединения | C11: 1 | D11: 12 | E11: 1943.09 | F11: =C11*D11*E11 -> 23317.08
A12: 3 | B12: Междугородние телефонные соединения | C12: 1 | D12: 12 | E12: 1295.39 | F12: =C12*D12*E12 -> 15544.68
A13: 4 | B13: Сотовая связь | F13: =C13*D13*E13 -> 0
A14: 5 | B14: Интернет | C14: 1 | D14: 12 | E14: 3349.17 | F14: =C14*D14*E14 -> 40190.04
A15: 6 | B15: Расходы на конверты | C15: 30 | D15: 12 | E15: 20 | F15: =C15*D15*E15 -> 7200
A16: 7 | B16: Иные услуги связи | C16: 30 | D16: 12 | E16: 60.777 | F16: =C16*D16*E16 -> 21879.72
A17: 8 | B17: Остаток на начало года | F17: 129957
B18: Итого: | C18: x | D18: x | E18: x | F18: =SUM(F10:F16) -> 129957
A19: * указывается количество номеров, минут разговора, каналов передачи данных сети и т.д.
A21: 6.2. Расчет (обоснование) расходов на оплату транспортных услуг
A23: Код видов расходов 244 -Прочая закупка товаров, работ и услуг для обеспечения государственных нужд
A25: N п/п | B25: Наименование расходов | C25: Количество услуг перевозки | D25: Цена услуги перевозки, руб. | E25: Сумма, руб. (гр. 3 x гр. 4)
A26: 1 | B26: 2 | C26: 3 | D26: 4 | E26: 5
A27: 1 | B27: Услуги автоподъемника | C27: 3 | D27: 1800 | E27: =C27*D27 -> 5400
E28: =C28*D28 -> 0
B29: Итого: | C29: x | D29: x | E29: =SUM(E27:E28) -> 5400
A31: 6.3. Расчет (обоснование) расходов на оплату коммунальных услуг
A33: Код видов расходов 244 -Прочая закупка товаров, работ и услуг для обеспечения государственных нужд
A35: N п/п | B35: Наименование показателя | C35: Размер потребления ресурсов | D35: Тариф (с учетом НДС), руб. | E35: Индексация, % | F35: Сумма, руб. (гр. 4 x гр. 5 x гр. 6)
A36: 1 | B36: 2 | C36: 4 | D36: 5 | E36: 6 | F36: 7
A37: 1 | B37: Газоснабжение | F37: =C37*D37*E37 -> 0
A38: 2 | B38: Теплоснабжение | C38: 30.74 | D38: 1725.7228 | E38: 1 | F38: =C38*D38*E38 -> 53048.72
A39: 3 | B39: Электроэнергия | F39: =C39*D39*E39 -> 0
A40: 4 | B40: Водоснабжение всего, в т.ч.: | C40: x | D40: x | E40: x | F40: =SUM(F41:F45) -> 0
A41: 4.1 | B41: холодное водоснабжение | F41: =C41*D41*E41 -> 0
A42: 4.2 | B42: горячее водоснабжение | F42: =C42*D42*E42 -> 0
A43: 4.3 | B43: холодное водоснабжение (компонент горячей воды) | F43: =C43*D43*E43 -> 0
A44: 4.4 | B44: тепловая энергия (компонент горячей воды) | F44: =C44*D44*E44 -> 0
A45: 4.5 | B45: водоотведение | F45: =C45*D45*E45 -> 0
A46: 5 | B46: Вывоз жидких нечистот | F46: =C46*D46*E46 -> 0
A47: 6 | B47: Прочие коммунальный услуги | F47: =C47*D47*E47 -> 0
A48: 7 | B48: Остаток на начало года | F48: 6986.51
B49: Итого: | C49: x | D49: x | E49: x | F49: =F37+F38+F39+F40+F46 -> 53048.72
A51: 6.4. Расчет (обоснование) расходов на оплату аренды имущества
A53: Код видов расходов 244 -Прочая закупка товаров, работ и услуг для обеспечения государственных нужд
A55: N п/п | B55: Наименование показателя | C55: Количество | D55: Ставка арендной платы | E55: Стоимость с учетом НДС, руб.
A56: 1 | B56: 2 | C56: 4 | D56: 5 | E56: 6
A57: 1
B59: Итого: | C59: x | D59: x | E59: =SUM(E57:E58) -> 0
A61: 6.5. Расчет (обоснование) расходов на оплату работ, услуг по содержанию имущества
A63: Код видов расходов 244 -Прочая закупка товаров, работ и услуг для обеспечения государственных нужд
A65: N п/п | B65: Наименование расходов | C65: Объект | D65: Количество работ (услуг) | E65: Стоимость работ (услуг), руб. | G65: 225
A66: 1 | B66: 2 | C66: 3 | D66: 4 | E66: 5
A67: 1 | B67: Заправка картриджей | C67: 4 | D67: 12 | E67: 80000
A68: 2 | B68: текущий ремонт | C68: 2 | D68: 2 | E68: 350000
A69: 3 | B69: Дезинфекция,дератизация | C69: 4 | D69: 12 | E69: 20170.42
A70: 4 | B70: Измерение сопротивления изоляции | C70: 4 | D70: 1 | E70: 46000
A71: 5 | B71: Испытание пожарных кранов | C71: 5 | D71: 1 | E71: 3000
A72: 6 | B72: Обследование тех состояния объектов НФА | C72: 55 | D72: 250 | E72: 125000
A73: 7 | B73: поверка приборов учета | C73: 10 | D73: 10 | E73: 7000
B74: Итого: | C74: x | D74: x | E74: =SUM(E67:E73) -> 631170.42
A76: 6.6. Расчет (обоснование) расходов на оплату прочих работ, услуг
A78: 6.6.1. Расчет (обоснование) расходов на оплату услуг по организации питания
A80: Код видов расходов 244 -Прочая закупка товаров, работ и услуг для обеспечения государственных нужд
A82: N п/п | B82: Наименование расходов | C82: Количество чел/дней | D82: Стоимость чел/день, руб. | E82: Общая сумма, руб. (гр. 3 x гр. 4)
A83: 1 | B83: 2 | C83: 3 | D83: 4 | E83: 5
A84: 1 | B84: Организация питания студентов | E84: =C84*D84 -> 0
B85: Итого: | C85: x | D85: x | E85: =SUM(E84) -> 0
A87: 6.6.2. Расчет (обоснование) расходов на оплату прочих работ, услуг
A89: Код видов расходов 244 -Прочая закупка товаров, работ и услуг для обеспечения государственных нужд
A91: N п/п | B91: Наименование расходов | C91: Количество договоров | D91: Стоимость услуги, руб.
A92: 1 | B92: 2 | C92: 3 | D92: 4
A93: 1 | B93: обслуживание программного продукта 1С-Предприятие | C93: 4 | D93: 62900
A94: 2 | B94: услуги проведения мероприятий | C94: 5 | D94: 57000
A95: 3 | B95: информационные услуги | C95: 5 | D95: 25000
A96: 4 | B96: реклама | C96: 3 | D96: 54000
A97: 5 | B97: услуги РЦЦС | C97: 3 | D97: 21005.37
A98: 6 | B98: утилизация отходов | C98: 3 | D98: 9000
A99: 7 | B99: участие в мероприятиях ,форумах,семинарах | C99: 5 | D99: 120000
A100: 8 | B100: услуги по оформлению правоустанавливающих документов | C100: 5 | D100: 20000
A101: 9 | B101: расчет платы за негатив воздействие | C101: 4 | D101: 10000
A102: 10 | B102: услуги приобретения неисключ прав на програм обеспечение | C102: 1 | D102: 68000
B103: Итого: | C103: x | D103: =SUM(D93:D102) -> 446905.37
A105: 6.7. Расчет (обоснование) расходов на приобретение основных средств, материальных запасов
A107: 6.7.1. Расчет (обоснование) расходов на приобретение основных средств
A109: Код видов расходов 244 -Прочая закупка товаров, работ и услуг для обеспечения государственных нужд
A111: N п/п | B111: Наименование расходов | C111: Количество | D111: Средняя стоимость, руб. | E111: Сумма, руб. (гр. 2 x гр. 3)
A112: 1 | B112: 2 | C112: 3 | D112: 4 | E112: 5
A113: 1 | B113: строительные инструменты | C113: 15 | D113: 5000 | E113: =C113*D113 -> 75000
A114: 2 | B114: мебель | C114: 100 | D114: 1000 | E114: =C114*D114 -> 100000
A115: 3 | B115: компьютерная техника | C115: 8 | D115: 25000 | E115: =C115*D115 -> 200000
A116: 4 | B116: музыкальное оборудование,фото и видеоаппараттура | C116: 8 | D116: 5000 | E116: =C116*D116 -> 40000
A117: 5 | B117: банер | C117: 4 | D117: 15000 | E117: =C117*D117 -> 60000
B118: Итого: | D118: x | E118: =SUM(E113:E117) -> 475000
A120: 6.7.2. Расчет (обоснование) расходов на приобретение материальных запасов
A122: Код видов расходов 244 -Прочая закупка товаров, работ и услуг для обеспечения государственных нужд
A124: N п/п | B124: Наименование расходов | C124: Количество единиц материальных запасов | D124: Средняя стоимость единицы материальных запасов, руб. | E124: Сумма, руб. (гр. 2 x гр. 3)
A125: 1 | B125: 2 | C125: 3 | D125: 4 | E125: 5
A126: 1 | B126: ГСМ | C126: 500 | D126: 35.5 | E126: =C126*D126 -> 17750
A127: 2 | B127: Медикаменты | E127: =C127*D127 -> 0
A128: 3 | B128: Продукты питания всего, в т.ч.: | C128: x | D128: x | E128: =SUM(E129:E131) -> 0
A129: 3.1 | E129: =C129*D129 -> 0
A130: 3.2 | E130: =C130*D130 -> 0
A131: 3.3 | E131: =C131*D131 -> 0
...

Sheet 244 иные цели
A2: 6. Расчет (обоснование) расходов на закупку товаров, работ, услуг
A5: 6.6. Расчет (обоснование) расходов на оплату прочих работ, услуг
A7: 6.6.1. Расчет (обоснование) расходов на оплату услуг по организации питания
A9: Код видов расходов 244 -Прочая закупка товаров, работ и услуг для обеспечения государственных нужд
A11: N п/п | B11: Наименование расходов | C11: Количество чел/дней | D11: Стоимость чел/день, руб. | E11: Общая сумма, руб. (гр. 3 x гр. 4)
A12: 1 | B12: 2 | C12: 3 | D12: 4 | E12: 5
A13: 1 | B13: Питание участников | C13: 10 | D13: 400 | E13: 4000
A14: 1 | B14: Питание экспертов | C14: 7 | D14: 200 | E14: 1400
B15: Итого: | C15: x | D15: x | E15: =SUM(E13:E14) -> 5400
A17: 6.6.2. Расчет (обоснование) расходов на оплату прочих работ, услуг
A19: Код видов расходов 244 -Прочая закупка товаров, работ и услуг для обеспечения государственных нужд
A21: N п/п | B21: Наименование расходов | C21: Количество договоров | D21: Стоимость услуги, руб.
A22: 1 | B22: 2 | C22: 3 | D22: 4
A23: 1 | B23: Оплата работы экспертов | C23: 1 | D23: 15720
A24: 2 | B24: Начисления на оплату труда жюри | C24: 1 | D24: 4260.12
B25: Итого: | C25: x | D25: =SUM(D23:D24) -> 19980.12
A27: 6.7. Расчет (обоснование) расходов на приобретение основных средств, материальных запасов
A29: 6.7.1. Расчет (обоснование) расходов на приобретение основных средств
A31: Код видов расходов 244 -Прочая закупка товаров, работ и услуг для обеспечения государственных нужд
A33: N п/п | B33: Наименование расходов | C33: Количество | D33: Средняя стоимость, руб. | E33: Сумма, руб. (гр. 2 x гр. 3)
A34: 1 | B34: 2 | C34: 3 | D34: 4 | E34: 5
A35: 1 | B35: Штангенциркуль | C35: 1 | D35: 2088.88 | E35: =C35*D35 -> 2088.88
A36: 2 | B36: Профессиональный цифровой мультиметр Mastech MS8268 | C36: 2 | D36: 2250 | E36: =C36*D36 -> 4500
A37: 3 | B37: Нутромер НИ 50-100 | C37: 2 | D37: 4720 | E37: =C37*D37 -> 9440
A38: 4 | B38: Микрометр МК 75 | C38: 1 | D38: 1355 | E38: =C38*D38 -> 1355
A39: 5 | B39: Микрометр МК 100 | C39: 1 | D39: 1460 | E39: =C39*D39 -> 1460
A40: 6 | B40: Микрометр МК 25 | C40: 1 | D40: 1135 | E40: 1135
A42: 7 | B42: Стенд для ремонта двигателя 570 кг N30057 | C42: 1 | D42: 4750 | E42: =C42*D42 -> 4750
A43: 8 | B43: Двигатели в сборе 11183 Калина 8кл. | C43: 2 | D43: 80990 | E43: =C43*D43 -> 161980
A44: 9 | B44: КП в сборе 2112 | C44: 2 | D44: 27320 | E44: =C44*D44 -> 54640
A45: 10 | B45: Видеоэндоскоп АТР 3201 | C45: 1 | D45: 41400 | E45: =C45*D45 -> 41400
A46: 11 | B46: Съемники поршневых колец, универсальный 103-01100 диапазон захвата 50-100мм. | C46: 2 | D46: 836 | E46: =C46*D46 -> 1672
A47: 12 | B47: Стойка трансмиссионных NORDBERG N3405 | C47: 1 | D47: 8930 | E47: =C47*D47 -> 8930
A48: 13 | B48: Набор пассатиж для разжима стопорных колец, универсальный (комплект) 42114GР | C48: 1 | D48: 2945 | E48: =C48*D48 -> 2945
B49: Итого: | D49: x | E49: =SUM(E35:E48) -> 296295.88
A51: 6.7.2. Расчет (обоснование) расходов на приобретение материальных запасов
A53: Код видов расходов 244 -Прочая закупка товаров, работ и услуг для обеспечения государственных нужд
A55: N п/п | B55: Наименование расходов | C55: Количество единиц материальных запасов | D55: Средняя стоимость единицы материальных запасов, руб. | E55: Сумма, руб. (гр. 2 x гр. 3)
A56: 1 | B56: 2 | C56: 3 | D56: 4 | E56: 5
A57: 1 | B57: Динамометрический ключ 012-40210 квадрат1/2. усилие 42-210Нм | C57: 2 | D57: 2194.5 | E57: =C57*D57 -> 4389
A58: 2 | B58: Набор торцевых головок 1/4и 1/2 6гр 143пр | C58: 3 | D58: 15390 | E58: =C58*D58 -> 46170
A59: 3 | B59: Оправка для установки поршней, универсальная 9АС 125-40 Размер 57-125, длина н/м100мм | C59: 2 | D59: 655.5 | E59: =C59*D59 -> 1311
A60: 4 | B60: Набор щупов 77335-25, 0,04 -1,00мм, 25шт. | C60: 3 | D60: 484.67 | E60: 1454
B61: Итого: | C61: x | D61: x | E61: =E57+E58+E59+E60 -> 53324

Sheet 244 ворлд скилс ульяновск
A2: 6. Расчет (обоснование) расходов на закупку товаров, работ, услуг
A5: 6.6. Расчет (обоснование) расходов на оплату прочих работ, услуг
A8: 6.6.2. Расчет (обоснование) расходов на оплату прочих работ, услуг
A10: Код видов расходов 244 -Прочая закупка товаров, работ и услуг для обеспечения государственных нужд
A12: N п/п | B12: Наименование расходов | C12: Количество договоров | D12: Стоимость услуги, руб.
A13: 1 | B13: 2 | C13: 3 | D13: 4
A14: 1 | B14: взнос за участиие в отборочных соревнованиях Ворлдскмиллс Россия | C14: 1 | D14: 32000
B16: Итого: | C16: x | D16: =SUM(D14:D15) -> 32000
A18: 6.7. Расчет (обоснование) расходов на приобретение основных средств, материальных запасов
A19: 6.7.2. Расчет (обоснование) расходов на приобретение материальных запасов
A21: Код видов расходов 244 -Прочая закупка товаров, работ и услуг для обеспечения государственных нужд
A23: N п/п | B23: Наименование расходов | C23: Количество единиц материальных запасов | D23: Средняя стоимость единицы материальных запасов, руб. | E23: Сумма, руб. (гр. 2 x гр. 3)
A24: 1 | B24: 2 | C24: 3 | D24: 4 | E24: 5
A25: 1 | B25: ГСМ | C25: 140.845 | D25: 35.5 | E25: =C25*D25 -> 4999.9975
A26: 2 | E26: =C26*D26 -> 0
A27: 3 | E27: =C27*D27 -> 0
A28: 4
B29: Итого: | C29: x | D29: x | E29: =E25+E26+E27+E28 -> 4999.9975

Sheet 340 стипендия
A2: 5. Расчет (обоснование) прочих расходов (кроме расходов на закупку товаров, работ, услуг)
A4: Код видов расходов 340 - Стипендия
A6: N п/п | B6: Наименование показателя | C6: Размер одной выплаты, руб. | D6: Количество выплат в год | E6: Общая сумма выплат, руб. (гр. 3 x гр. 4)
A7: 1 | B7: 2 | C7: 3 | D7: 4 | E7: 5
A8: 1 | B8: Академическая стипендия | C8: 665 | D8: 15084 | E8: 10030900
A9: 2 | B9: Социальная стипендия | C9: 997.5 | D9: 492 | E9: 490700
A10: 3 | B10: Материальная поддержка | C10: 3000 | D10: 376 | E10: 1304400
B11: Итого: | C11: x | D11: x | E11: =E8+E9+E10 -> 11826000
